 Dungeon Crawl Stone Soup version 0.19.5 (webtiles) character file.

31 miragecloak the Changer (level 3, -1/31 HPs)
             Began as a Naga Transmuter on Apr 24, 2017.
             Slain by a gnoll
             ... wielding a +1 spear of freezing
              (2 damage)
             ... on level 2 of the Dungeon.
             The game lasted 00:01:41 (966 turns).

miragecloak the Changer (Naga Transmuter)            Turns: 966, Time: 00:01:42

Health: -1/31      AC:  2    Str: 12    XL:     3   Next: 22%
Magic:  4/6        EV: 10    Int: 13    God:
Gold:   60         SH:  0    Dex: 12    Spells: 2 memorised, 2 levels left

rFire  . . .     SeeInvis +       - Unarmed
rCold  . . .     Gourm    .     b - +0 robe
rNeg   . . .     Faith    .     (no shield)
rPois  +         Spirit   .     (no helmet)
rElec  .         Reflect  .     (no cloak)
rCorr  .         Harm     .     (no gloves)
MR     .....                    (no barding)
Stlth  +.........               (no amulet)
                                (no ring)
                                (no ring)

@: very slow
A: see invisible, deformed body, poison resistance, slowness 2, slow metabolism
1, spit poison 1, AC +1
a: Spit Poison


You were on level 2 of the Dungeon.
You were hungry.

You visited 1 branch of the dungeon, and saw 2 of its levels.

You collected 60 gold pieces.

Inventory:

Missiles
 a - 12 arrows
Armour
 b - a +0 robe (worn)
Scrolls
 e - a scroll of remove curse {unknown}
 f - a scroll of magic mapping {unknown}
 h - a scroll of teleportation {unknown}
 o - a scroll of identify {unknown}
Potions
 i - 2 potions of heal wounds {unknown}
 j - a potion of flight {unknown}
 k - a potion of resistance {unknown}
 l - a potion of cancellation {unknown}
 m - a potion of degeneration {unknown}
 n - a potion of invisibility {unknown}
Books
 c - a book of Changes

   Spells                             Type                      Level
   a - Beastly Appendage              Transmutation                1
   b - Sticks to Snakes               Transmutation                2
   c - Spider Form                    Transmutation/Poison         3
   d - Ice Form                       Ice/Transmutation            4
   e - Blade Hands                    Transmutation                5
Comestibles
 d - a bread ration
 g - a meat ration


   Skills:
 - Level 1.0 Fighting
 - Level 1.5 Dodging
 - Level 3.0 Unarmed Combat
 - Level 2.0 Spellcasting
 + Level 3.5 Transmutations
 + Level 0.3 Poison Magic


You had 2 spell levels left.
You knew the following spells:

 Your Spells              Type           Power        Failure   Level  Hunger
a - Beastly Appendage     Tmut           ##....       8%          1    ##.....
b - Spider Form           Tmut/Pois      #.........   38%         3    ####...


Dungeon Overview and Level Annotations

Branches:
Dungeon (2/15)

Altars:


Innate Abilities, Weirdness & Mutations

You cannot wear boots.
Your serpentine skin is tough. (AC +1)
You have supernaturally acute eyesight. (SInv)
Armour fits poorly on your strangely shaped body.
Your system is resistant to poisons. (rPois)
You cover ground very slowly.
You have a slow metabolism.
You can spit poison.


Message History

You are too injured to fight recklessly!
You are too injured to fight recklessly!
You are too injured to fight recklessly!
You are too injured to fight recklessly!
Casting: Beastly Appendage
Confirm with . or Enter, or press ? or * to list all spells.
Your horns disappear.
You turn into a venomous arachnid creature.
Your +0 robe melds into your body.
You are feeling hungry.
The gnoll shouts!
Your transformation is almost over.
A kobold comes into view. It is wielding a short sword.
Your transformation has ended.
Your +0 robe unmelds from your body.
The kobold throws a stone.
The stone hits you but does no damage.
The gnoll hits you from afar with a spear of freezing.
* * * LOW HITPOINT WARNING * * *
The gnoll freezes you.
You die...

### #### ###
#.######..##########.#
####......#......g.g....#
#.......#.#..##.#######.#
#.##.##...#..##.# #g#
#.##.####.#..##.# #.#
#.##'#....#..##.# #.#
#.#.>..##.#..##.#######.#######
#.#....+..K>..@.g.g.g.........[
#.#....#..#..##.......#.######.
#.##+#.#..#..########.#.######.
#.##.#.#.....<....# #.#........
#.##.#.#.##.#####.# #.########.
#.##......#.#####.###.########.
#.####.####....†.....<.........
#......####.......############.
######.....######## ####


You could see 3 gnolls and a kobold.

Vanquished Creatures
  2 dart slugs
  5 bats
  3 giant cockroaches (D:1)
  A hobgoblin (D:2)
  A jackal (D:1)
  A kobold (D:1)
  7 frilled lizards (D:1)
  3 goblins (D:1)
  6 rats (D:1)
29 creatures vanquished.

Notes
Turn   | Place    | Note
-------+----------+-------------------------------------------
     0 | D:1      | miragecloak the Naga Transmuter began the quest for the Orb.
     0 | D:1      | Reached XP level 1. HP: 18/18 MP: 3/3
   112 | D:1      | Reached XP level 2. HP: 15/25 MP: 3/5
   519 | D:1      | You fall through a shaft!
   716 | D:1      | Reached XP level 3. HP: 29/31 MP: 4/6
   813 | D:1      | Learned a level 3 spell: Spider Form
   966 | D:2      | HP: 1/31 [gnoll/spear of freezing (4)]
   966 | D:2      | Slain by a gnoll

Skill      XL: |  1  2 |
---------------+-------+-----
Transmutations | 3 |  3.5
Fighting       | |  1.0
Dodging        | |  1.5
Unarmed Combat | |  3.0
Spellcasting   | |  2.0
Poison Magic   | |  0.3

Action                   || total
-------------------------++-------
Melee: Unarmed           ||    88
       Headbutt          ||    13
       Punch             ||     1
 Cast: Beastly Appendage ||    19
       Spider Form       ||     1
Armor: Robe              ||    23
Dodge: Dodged            ||    46
